cohdb
Replays
Latest Replays
All Replays
Popular Replays
Top Player Replays
Match Explorer
How It Works
Community
CoH3 Stats
Reddit
Sign in to upload your games and track your stats! →
Sign in with Steam
Match 20362863
Unlisted
Match 20362863
Overview
Messages
Build Orders
End
Royal Engineer Section
Construct Section Command Post
Dingo Light Scout Car
Infantry Section
Infantry Section
Selects Air and Sea Battlegroup
Selects Supply Surplus
Construct Platoon Command Post
Construct Resource Cache
6-pounder Anti-tank Gun Team
Infantry Section
Royal Engineer Section
Selects Centaur Medium Tank
Centaur Medium Tank
Armored Vehicle Training
Selects Commando Section Paradrop
Commando Section Paradrop
Construct Company Command Post
Unlock M3 Grant Medium Tanks
M3 Grant Medium Tank
M3 Grant Medium Tank
Commando Section Paradrop
Selects M1 Pack Howitzer Paradrop
Royal Engineer Section
M3 Grant Medium Tank
Selects Anti-tank Rocket Loiter
Anti-tank Rocket Loiter
Foot Guards Section
Infantry Training
Selects Naval Bombardment
MonoChrome
Rey de Hierro
DexN
Cool Whhip
0
0
Comments
sign in to comment!
No comments posted yet!